 Dungeon Crawl Stone Soup version 0.20-a0-148-gb6cfb21 (webtiles) character file.

8042 McCoppin the Slinger (level 11, -9/81 HPs)
             Began as a Halfling Hunter on Nov 21, 2016.
             Was a Follower of Ashenzari.
             Mangled by a hornet (13 damage)
             ... while paralysed by a hornet
             ... on level 9 of the Dungeon on Nov 22, 2016.
             The game lasted 00:42:51 (13522 turns).

McCoppin the Slinger (Halfling Hunter)             Turns: 13522, Time: 00:42:52

Health: -9/81      AC:  9    Str: 16    XL:     11   Next: 48%
Magic:  11/11      EV:  3    Int:  9    God:    Ashenzari [*.....]
Gold:   383        SH:  0    Dex: 18    Spells: 10/10 levels left

rFire  + . .     SeeInvis .     a - +1 hunting sling (curse)
rCold  . . .     Gourm    .     s - +0 ring mail {rF+}
rNeg   . . .     Faith    .     (shield restricted)
rPois  .         Spirit   .     (no helmet)
rElec  .         Reflect  .     B - +0 cloak
rCorr  .         Harm     .     p - +0 pair of gloves
MR     .....                    (no boots)
Stlth  +++.......               (no amulet)
                                (no ring)
                                D - +2 ring of dexterity

@: paralysed, lethally poisoned (-9 -> -17), slowed, studying 2 skills
A: mutation resistance 1
a: Curse Item, Scrying, Renounce Religion


You were on level 9 of the Dungeon.
You worshipped Ashenzari.
Ashenzari was aware of your devotion.
You were not hungry.

You visited 2 branches of the dungeon, and saw 10 of its levels.
You also visited: Sewer and Bailey.

You collected 383 gold pieces.

Inventory:

Hand Weapons
 a - a cursed +1 hunting sling (weapon)
 b - a +0 short sword
Missiles
 d - 20 sling bullets (quivered)
 h - 119 stones
 z - 7 tomahawks
Armour
 c - a +0 leather armour
 e - a +0 crystal plate armour
 p - a +0 pair of gloves (worn)
 s - a +0 ring mail of fire resistance (worn)
 B - a +0 cloak (worn)
 F - a +0 chain mail
Jewellery
 D - a +2 ring of dexterity (left hand)
Wands
 t - a wand of lightning (10/15)
 y - a wand of iceblast (9/15)
 A - a wand of enslavement (12/24)
 H - a wand of iceblast (1/15)
 L - a wand of confusion (37/48)
Scrolls
 i - a scroll of blinking {unknown}
 j - a scroll of magic mapping
 k - 4 scrolls of teleportation {unknown}
 l - 3 scrolls of enchant armour
 m - 3 scrolls of noise
 q - 4 scrolls of fog {unknown}
 r - 2 scrolls of random uselessness {unknown}
 u - a scroll of recharging
 w - a scroll of remove curse
 E - 2 scrolls of immolation {unknown}
 N - 3 scrolls of brand weapon {unknown}
Potions
 v - 2 potions of cancellation
 x - 5 potions of flight
 C - a potion of berserk rage
 G - a potion of haste
 M - a potion of ambrosia {unknown}
Books
 J - a manual of Shields
 K - a manual of Fighting
Comestibles
 f - 3 bread rations
 g - 2 royal jellies
 n - 4 meat rations
 o - 4 beef jerkies
 I - a slice of pizza
 O - 2 chunks of flesh


   Skills:
 + Level 10.0 Fighting
 - Level 14.0 Slings
 - Level 7.8 Armour
 - Level 7.1 Dodging
 + Level 5.2 Stealth
 + Level 0.9 Shields


You had 10 spell levels left.
You didn't know any spells.

Dungeon Overview and Level Annotations

Branches:
Dungeon (9/15) Temple (1/1) D:6 Lair (0/6) D:9 Orc (0/2) D:8 D:9

Altars:
Ashenzari
Dithmenos
Elyvilon
Gozag
Hepliaklqana
Makhleb
Nemelex Xobeh
Okawaru
Qazlal
Trog
Uskayaw
Vehumet
Xom
Zin
The Shining One

Shops:
D:6 !   D:8 [   D:9 [


Innate Abilities, Weirdness & Mutations

You are small and have problems with some larger weapons.
You are somewhat resistant to further mutation.


Message History

You feel sick. The hornet stings you.
You feel yourself slow down. The hornet stings you.
You feel as though you will be slow longer.
The hornet stings you.
You feel as though you will be slow longer.
The hornet stings you but does no damage.
The hornet barely misses you. The hornet stings you.
You feel as though you will be slow longer.
The hornet stings you.
You are more poisoned.
You shrug off the repeated paralysis!
The hornet stings you!
* * * LOW HITPOINT WARNING * * *
You feel as though you will be slow longer.
The hornet stings you!
* * * LOW HITPOINT WARNING * * *
You feel as though you will be slow longer.
You feel sick. The hornet stings you!
* * * LOW HITPOINT WARNING * * *
You shrug off the repeated paralysis!
The hornet stings you!
You die...

≈≈≈≈≈≈≈≈≈≈≈≈≈≈≈≈≈≈≈≈≈≈≈≈≈≈≈≈≈≈≈≈≈
≈≈≈≈≈≈≈≈≈≈≈≈≈≈≈≈≈≈≈≈≈≈≈≈≈≈≈≈≈≈≈≈≈
≈≈≈≈≈≈≈≈≈≈≈≈≈≈≈≈≈≈≈≈≈≈≈≈≈≈≈≈≈≈≈≈≈
≈≈≈≈≈≈###########################
≈≈≈≈≈≈...........................
≈≈≈≈≈≈..)........................
≈≈≈≈≈≈...#######.................
≈≈≈≈≈≈#####y#.##y................
≈≈≈≈≈≈ #.#.y@....†...>...###.
≈≈≈≈≈≈ #.#.##y............# #.
≈≈≈≈≈≈####y#.#(#.............#+#.
≈≈≈≈≈≈.=.#######.................
≈≈≈≈≈≈.................∩.........
≈≈≈≈≈≈###########################
≈≈≈≈≈≈≈≈≈≈≈≈≈≈≈≈≈≈≈≈≈≈≈≈≈≈≈≈≈≈≈
≈≈≈≈≈≈≈≈≈≈≈≈≈≈≈≈≈≈≈≈≈≈≈≈≈≈≈≈≈≈≈
≈≈≈≈≈≈≈≈≈≈≈≈≈≈≈≈≈≈≈≈≈≈≈≈≈≈≈≈≈≈≈


You could see 3 hornets.

Vanquished Creatures
  The ghost of vev the Insei, a novice OpWn (D:5)
  A two-headed ogre (D:8)
  4 yaks (D:8)
  Grum (D:8)
  4 vampire mosquitoes (D:8)
  A hungry ghost (D:9)
  Edmund (D:5)
  2 water moccasins
  A black bear (D:8)
  15 orc warriors
  An eye of draining (D:9)
  An ice beast (D:7)
  A necrophage (D:7)
  2 sky beasts
  An ogre (D:8)
  4 wolves
  11 centaurs
  A big kobold (Sewer)
  6 bullfrogs
  A water moccasin zombie (D:9)
  3 scorpions
  5 killer bees
  5 wights
  2 howler monkeys (D:8)
  A jelly (D:8)
  3 crimson imps
  A centaur zombie (D:7)
  A gnoll shaman (D:5)
  5 hounds
  5 orc priests
  Ijyb (D:3)
  2 iguanas
  7 orc wizards
  10 worker ants
  3 worker ant zombies
  7 gnolls
  2 river rats (Sewer)
  9 adders
  An adder zombie (D:7)
  3 worms
  2 dart slugs
  6 leopard geckos
  47 orcs
  5 giant cockroaches
  6 goblins
  8 hobgoblins
  9 jackals
  8 kobolds
  6 quokkas
  2 ball pythons
  6 bats
  3 frilled lizards
  A jackal zombie (D:5)
  7 rats
252 creatures vanquished.

Vanquished Creatures (others)
  A giant cockroach (D:3)
  A kobold (D:3)
2 creatures vanquished.

Grand Total: 254 creatures vanquished

Notes
Turn   | Place    | Note
-------+----------+-------------------------------------------
     0 | D:1      | McCoppin the Halfling Hunter began the quest for the Orb.
     0 | D:1      | Reached XP level 1. HP: 14/14 MP: 1/1
    79 | D:1      | Reached skill level 6 in Slings
   170 | D:1      | Reached XP level 2. HP: 19/19 MP: 2/2
   226 | D:1      | Reached XP level 3. HP: 24/24 MP: 3/3
   825 | D:2      | Reached XP level 4. HP: 30/30 MP: 4/4
  1532 | D:3      | Found a radiant altar of Vehumet.
  1695 | D:3      | Noticed Ijyb
  1716 | D:3      | Killed Ijyb
  1716 | D:3      | Reached skill level 7 in Slings
  1716 | D:3      | Reached XP level 5. HP: 32/36 MP: 5/5
  1974 | D:3      | Found a glowing drain.
  1979 | Sewer    | Entered a sewer
  2045 | Sewer    | Noticed a big kobold
  2056 | Sewer    | Killed a big kobold
  2056 | Sewer    | Reached XP level 6. HP: 34/42 MP: 6/6
  2259 | Sewer    | Found a white marble altar of Elyvilon.
  3115 | D:4      | Found a glowing silver altar of Zin.
  3397 | D:4      | Reached XP level 7. HP: 41/47 MP: 7/7
  3421 | D:4      | Reached skill level 5 in Stealth
  3767 | D:5      | Entered Level 5 of the Dungeon
  3869 | D:5      | Noticed vev's ghost (novice OpWn)
  4127 | D:5      | Killed vev's ghost
  4127 | D:5      | Reached skill level 8 in Slings
  4127 | D:5      | Reached skill level 5 in Dodging
  4127 | D:5      | Reached XP level 8. HP: 29/54 MP: 8/8
  4389 | D:5      | Reached skill level 5 in Fighting
  4606 | D:4      | Reached skill level 9 in Slings
  5170 | D:6      | Noticed Edmund
  5555 | D:6      | Found Xomnirohi's Distillery.
  5577 | D:6      | Reached XP level 9. HP: 61/61 MP: 9/9
  5661 | D:6      | Found a staircase to the Ecumenical Temple.
  5684 | Temple   | Entered the Ecumenical Temple
  5807 | Temple   | Became a worshipper of Ashenzari the Shackled
  6201 | D:6      | Found a hazy altar of Hepliaklqana.
  6480 | D:5      | Killed Edmund
  6480 | D:5      | Reached skill level 10 in Slings
  6954 | D:7      | Found a bloodstained altar of Trog.
  7042 | D:7      | Reached skill level 1 in Armour
  7380 | D:7      | Noticed a hand axe
  7382 | D:7      | Noticed a hand axe
  7384 | D:7      | Found a hide-covered altar of Uskayaw.
  7634 | D:7      | Reached skill level 11 in Slings
  7708 | D:7      | Found a sparkling altar of Nemelex Xobeh.
  7983 | D:7      | Reached XP level 10. HP: 45/69 MP: 10/10
  8031 | D:8      | Noticed Grum
  8559 | D:8      | Found a flagged portal.
  8575 | Bailey   | Entered a bailey
  9047 | Bailey   | Reached skill level 12 in Slings
  9159 | Bailey   | Reached skill level 5 in Armour
 10933 | D:8      | Found Guilu's Armour Boutique.
 11326 | D:8      | Reached skill level 13 in Slings
 11343 | D:8      | Reached XP level 11. HP: 12/78 MP: 11/11
 11778 | D:8      | Killed Grum
 12027 | D:8      | Reached * piety under Ashenzari
 12101 | D:9      | Found a staircase to the Orcish Mines.
 13074 | D:8      | Reached skill level 10 in Fighting
 13074 | D:8      | Reached skill level 14 in Slings
 13308 | D:9      | Found an iron altar of Okawaru.
 13388 | D:9      | Found a staircase to the Lair.
 13389 | D:9      | Found Oczicier's Antique Armour Shoppe.
 13519 | D:9      | Paralysed by a hornet for 3 turns
 13522 | D:9      | HP: 4/81 [hornet (9)]
 13522 | D:9      | Mangled by a hornet

Vault maps used:
D:1:      tarquinn_simple_flora_water_b, minmay_pentomino_v2
D:2:      first_bread
D:3:      fiery_altar_vehumet, gup_sewer_entry_bowl, uniq_robin, uniq_iyjb
D:4:      lemuel_tele_altar
D:6:      kennysheep_little_box, nicolae_overflow_hidden_temple, serial_shops,
          nicolae_shop_competitors_out_of_business, uniq_edmund
D:7:      nicolae_overflow_crystal_walls, bloody_trog, dancing_weapons_uskayaw
D:8:      enter_bailey_3, serial_shops, shop, uniq_grum
D:9:      kennysheep_mini, lemuel_crystal_altar, serial_shops, shop,
          hangedman_pestilent_swarm
Temple:   nicolae_temple_figure_eight
Sewer:    sewer_kobolds
Bailey:   bailey_polearm_flooded_kennysheep, bailey

Skill      XL: |  1  2  3  4  5  6  7  8  9 10 11 |
---------------+----------------------------------+-----
Slings         | 6 7 8 9 11 13 14 | 14.0
Fighting       | 2 3 4 5 6 8 10 | 10.0
Stealth        | 2 3 4 5 |  5.2
Dodging        | 3 5 6 7 |  7.1
Armour         | 3 6 7 |  7.8
Shields        | |  0.9

Action                   |  1- 3 |  4- 6 |  7- 9 | 10-12 || total
-------------------------+-------+-------+-------+-------++-------
 Fire: Hunting sling     |    64 |   226 |   543 |   911 ||  1744
Throw: Tomahawk          |       |     3 |       |       ||     3
Invok: Curse Item        |       |       |     1 |       ||     1
  Use: Potion            |       |     4 |     7 |     3 ||    14
       Scroll            |       |       |     1 |     5 ||     6
  Eat: Chunk             |       |     7 |    13 |    13 ||    33
       Bread ration      |       |       |       |     1 ||     1
Armor: Leather armour    |       |    17 |    10 |       ||    27
       Ring mail         |       |       |     8 |    61 ||    69
Dodge: Dodged            |     6 |    78 |   158 |   353 ||   595
